 Dungeon Crawl Stone Soup version 0.29-a0-222-g5b244fca1f (webtiles) character file.

Game seed: 2563326383964589261

25 Colgate the Sneak (level 3, 0/16 HPs)
             Began as a Vine Stalker Enchanter on Feb 27, 2022.
             Was a Believer of Ru.
             Slain by a worm (8 damage)
             ... on level 2 of the Dungeon.
             The game lasted 00:10:15 (1791 turns).

Colgate the Sneak (Vine Stalker Enchanter)          Turns: 1791, Time: 00:10:15

Health: 0/16       AC:  2    Str: 10    XL:     3   Next: 6%
Magic:  0/7        EV: 12    Int: 17    God:    Ru [**....]
Gold:   39         SH:  0    Dex: 14    Spells: 1/6 levels left

rFire   . . .      SeeInvis .   a - +1 dagger
rCold   . . .      Faith    .   (no shield)
rNeg    . . .      Spirit   +   b - +0 robe
rPois   .          Reflect  .   (no helmet)
rElec   .          Harm     .   (no cloak)
rCorr   .          Rampage  .   (no gloves)
Will    .....                   (no boots)
Stlth   +++.......              (no amulet)
HPRegen 0.05/turn               (no ring)
MPRegen 0.10/turn               (no ring)

@: no status effects
A: fangs 2, magic shield, antimagic bite, no potion heal 2, inability to use
devices
a: Renounce Religion


You were on level 2 of the Dungeon.
You worshipped Ru.
Ru was pleased with you.
You visited 1 branch of the dungeon, and saw 2 of its levels.

You collected 39 gold pieces.

Inventory:

Hand Weapons
 a - a +1 dagger (weapon)
Missiles
 h - 72 stones
Armour
 b - a +0 robe (worn)
Scrolls
 d - a scroll of silence {unknown}
 f - a scroll of teleportation {unknown}
 g - a scroll of blinking {unknown}
 i - a scroll of fear {unknown}
 j - a scroll of noise {unknown}
 k - a scroll of vulnerability {unknown}
 l - a scroll of immolation {unknown}
 n - a scroll of identify {unknown}
Potions
 c - a potion of invisibility
 e - 3 potions of curing {unknown}
 m - a potion of mutation {unknown}
 o - a potion of haste {unknown}
 p - a potion of attraction {unknown}


   Skills:
 - Level 0.8 Short Blades
 - Level 1.5 Dodging
 - Level 4.1 Stealth
 - Level 2.1 Spellcasting
 + Level 3.9 Hexes


You had one spell level left.
You knew the following spells:

 Your Spells              Type           Power      Damage    Failure   Level
a - Ensorcelled Hibernat  Hex/Ice        16%        N/A       13%         2
b - Confusing Touch       Hex            15%        N/A       12%         3

Your spell library contained the following spells:

 Spells                   Type           Power      Damage    Failure   Level
 Tukima's Dance           Hex            15%        N/A       12%         3
 Dazzling Flash           Conj/Hex       16%        N/A       26%         3


Dungeon Overview and Level Annotations

Branches:
Dungeon (2/15)

Altars:
Ru


Innate Abilities, Weirdness & Mutations

You have extremely sharp teeth.
When hurt, damage is shared between your health and your magic reserves.
Your bite disrupts and absorbs the magic of your enemies.
Potions cannot restore your health.
You cannot study or use magical devices.


Message History

A kobold comes into view. It is wielding a +0 dagger.
Found a robe.
The helpless kobold fails to defend itself.
You puncture the kobold!
You kill the kobold!
h - 72 stones (gained 3)
You see here a +0 dagger.
A worm comes into view.
You see here a +0 robe.
The worm resists with some effort.
The worm resists with some effort.
The worm bites you!
You focus your inner power and illuminate the worm in retribution!
You are too injured to fight recklessly!
The worm stops glowing.
You see here a +0 robe.
Casting: Ensorcelled Hibernation (safe; 13% risk of failure)
Aiming: Ensorcelled Hibernation (safe; 13% risk of failure)
Aim: a worm (chance to affect: 50%)
The worm resists with some effort.
A kobold comes into view. It is wielding a +0 club.
The helpless kobold fails to defend itself.
You impale the kobold!!
You kill the kobold!
A worm is nearby!
Casting: Ensorcelled Hibernation (safe; 13% risk of failure)
Aiming: Ensorcelled Hibernation (safe; 13% risk of failure)
Aim: a worm (chance to affect: 50%)
The worm resists with some effort.
The worm bites you.
Things that are here:
a +0 club; a stone
Casting: Ensorcelled Hibernation (safe; 13% risk of failure)
Aiming: Ensorcelled Hibernation (safe; 13% risk of failure)
Aim: a worm (chance to affect: 50%)
The worm resists with some effort.
Casting: Ensorcelled Hibernation (safe; 13% risk of failure)
Aiming: Ensorcelled Hibernation (safe; 13% risk of failure)
Aim: a worm (chance to affect: 50%)
The worm resists with some effort.
The worm bites you!
Ouch! That really hurt!
You die...

####....##....#
#########...##....##
#...........##......
#.#######...##.##.##
#.#...w........##...
#.#.#####...##......
#.#.# #...##......
#.#w#####...##......
#.#@##.....###w.....
#.#.##.....#........
#.#.##.....#........
#.#.##.....#........
#.#.##.....#.)......
#.#.................
#.####.....#........
#.# #######........
#.# #........


You could see a worm.

Vanquished Creatures
  A goblin (D:1)
  8 jackals (D:1)
  5 ball pythons
  A frilled lizard (D:1)
  5 kobolds
  4 rats (D:1)
24 creatures vanquished.

Notes
Turn   | Place    | Note
-------+----------+-------------------------------------------
     0 | D:1      | Colgate the Vine Stalker Enchanter began the quest for the
                  | Orb.
     0 | D:1      | Reached XP level 1. HP: 9/9 MP: 4/4
    25 | D:1      | Found a faded altar of an unknown god.
    33 | D:1      | Prayed at the altar of an unknown god.
    33 | D:1      | Became a worshipper of Ru the Awakened
    41 | D:1      | Gained mutation: You cannot study or use magical devices.
                  | [Ru sacrifice]
    41 | D:1      | Reached * piety under Ru
    41 | D:1      | Reached ** piety under Ru
   105 | D:1      | Reached skill level 4 in Stealth
   122 | D:1      | Reached XP level 2. HP: 3/13 MP: 6/6
   135 | D:1      | Learned a level 2 spell: Ensorcelled Hibernation
  1552 | D:2      | Reached XP level 3. HP: 15/16 MP: 3/7
  1608 | D:2      | Learned a level 3 spell: Confusing Touch
  1791 | D:2      | Slain by a worm

Illustrated notes

Levels and vault maps discovered:
D:1:      wander_arrival_fairy_ring, layout_rooms,
          hellmonk_ecumenical_altar_arch_garden, kennysheep_pointless_box
D:2:      layout_basic, basic_altar, uniq_terence

Skill      XL: |  1 |
---------------+----+-----
Stealth        | 4 |  4.1
Short Blades   | |  0.8
Dodging        | |  1.5
Spellcasting   | |  2.1
Hexes          | |  3.9

Action                   || total
-------------------------++-------
Melee: Dagger            ||    74
       Bite              ||     8
 Cast: Ensorcelled Hiber ||    22
Invok: Sacrifice Artific ||     1
 Stab: Sleeping          ||    11
       Invisible         ||     1
Armor: Robe              ||    11
Dodge: Dodged            ||    53

Table legend: (Time is in decaauts)
 A = Elapsed time spent in this place.
 B = Non-inter-level travel time spent in this place.
 C = Inter-level travel time spent in this place.
 D = Time resting spent in this place.
 E = Time spent auto-exploring this place.
 F = Levels seen in this place.
 G = Mean time per level.
                   A        B        C        D        E       F      G
               +--------+--------+--------+--------+--------+-----+--------+
         Total |   1787 |   1764 |     23 |    275 |   1030 |   2 |  893.5 |
       Dungeon |   1787 |   1764 |     23 |    275 |   1030 |   2 |  893.5 |
               +--------+--------+--------+--------+--------+-----+--------+

Top non-repeatable levels by time:
     D:1: 1506 daAuts
     D:2: 281 daAuts
